 Dungeon Crawl Stone Soup version 0.31-a0-889-g1a8549509d (webtiles) character file.

Game seed: 16771023567285513117

22 Xavori the Cutter (level 2, 0/13 (16) HPs)
             Began as an Octopode Chaos Knight on Oct 17, 2023.
             Was a Plaything of Xom.
             Killed from afar by a white imp (13 damage)
             ... with a puff of frost
             ... summoned by Xom
             ... on level 1 of the Dungeon.
             The game lasted 00:00:58 (5625 turns).

Xavori the Cutter (Octopode Chaos Knight)           Turns: 5625, Time: 00:00:59

HP:   0/13 (16)     AC:  1    Str: 11    XL:     2   Next: 91%
MP:   2/2           EV: 13    Int: 12    God:    Xom [..*...]
Gold: 532           SH:  0    Dex: 11    Spells: 1/1 levels left

rFire   . . .        a - +0 short sword (chaos)
rCold   x . .        (no shield)
rNeg    . . .        (helmet currently unavailable)
rPois   .            (no amulet)
rElec   .            (no ring)
rCorr   .            (no ring)
SInv    .            (no ring)
Will    .....        (no ring)
Stlth   ++           (no ring)
HPRegen 0.22/turn    (no ring)
MPRegen 0.08/turn    (no ring)
                     (no ring)

%: random rage (3%)
@: beast-form, heavily drained
A: beast (slay +0), almost no armour, amphibious, 8 rings, camouflage 1,
gelatinous body 1, (nimble swimmer 1), tentacles, berserk 1, dopey 1, frail 2,
wild magic 1, cold vulnerability 1, inability to read after injury 1
a: Begin Untransformation, Renounce Religion


You were on level 1 of the Dungeon.
You worshipped Xom.
You were a toy of Xom.
You were a hulking beast.
You visited 1 branch of the dungeon, and saw 2 of its levels.

You collected 584 gold pieces.
You spent 52 gold pieces at shops.

Inventory:

Hand Weapons
 a - a +0 short sword of chaos (weapon)
Talismans
 d - a beast talisman (active)
Scrolls
 b - a scroll of butterflies
 f - a scroll of fog
 g - a scroll of poison {unknown}
 h - a scroll of teleportation {unknown}
Potions
 c - 2 potions of haste {unknown}
 e - a potion of might {unknown}


   Skills:
 + Level 3.2 Fighting
 + Level 3.3 Short Blades
 + Level 2.7 Dodging
 + Level 0.1 Stealth
 * Level 0.6 Shapeshifting


You had one spell level left.
You didn't know any spells.
Your spell library contained the following spells:

 Spells                   Type           Power      Damage    Failure   Level
 Apportation              Tloc           0%         N/A       41%         1
 Necrotise                Necr           0%         1d4       41%         1
 Summon Small Mammal      Summ           0%         N/A       41%         1


Dungeon Overview and Level Annotations

Branches:
Dungeon (2/15)

Altars:

Shops:
D:1 *:


Innate Abilities, Weirdness & Mutations

You are a hulking beast.
Your limbs bulge with bestial killing power. (Slay +0)
You cannot wear most types of armour.
You are amphibious.
You can wear up to eight rings at the same time.
Your skin changes colour to match your surroundings (Stealth+).
Your rubbery body absorbs attacks. (AC +1, EV +1)
((You are camouflaged when in or above water. (Stealth+)))
You have tentacles for arms and can constrict up to eight enemies at once.
You sometimes lose your temper in combat.
You are dopey. (Int -2)
You are very frail. (-20% HP)
Your spells are a little harder to cast, but a little more powerful.
You are vulnerable to cold. (rC-)
You occasionally lose the ability to read scrolls when taking damage.


Message History

i - a black potion {god gift}
There is a stone staircase leading down here.
You see here a +0 chain mail.
You start waiting.
Done waiting.
It was a potion of heal wounds.
You feel much better.
You start waiting.
Done waiting.
You start waiting.
Xom's attention almost turns to you for a moment.
Your beast talisman briefly glows.
You start waiting.
You are now a beloved toy of Xom.
You start waiting. "Take this instrument of something!"
Something appears before you!
You now have 532 gold pieces (gained 507).
There is a stone staircase leading down here.
You see here a +0 chain mail.
You start waiting.
Done waiting.
You start waiting.
Done waiting. "You have grown too confident for your meagre worth."
Your body is wracked with pain!
You are now a special plaything of Xom.
You start resting.
HP restored.
You start waiting.
Done waiting.
You start waiting. "Fight to survive, mortal."
You are now a toy of Xom.
There are monsters nearby!
There are monsters nearby!
The white imp gestures at you. The puff of frost hits you!
You feel a terrible chill!
Ouch! That really hurt!
You die... "Huh?
Did I miss anything?"

#.########### #.##...#
#......†....# #.###.##
##.########.# #.# #.#
#########.# #...# #.# #>#
.......##.# #.### #.# #.#
######.##.# #.# #.# #.#
#.##.# #5# #.# #.#
#.##.######.## #.# #.#
#.##.......h.# #.# #.#
#.########5#.#####.# #.#
#.# #.........# #.# #.#
###.####### #.# #.#
#.......# #.#
######.##### #######.#
#.#
...........############.#
#.#
#.#.##.###...........[..#
#.# #.#.##.#
#.############## #.#


You could see an iron imp (summoned) and a white imp (summoned).

Vanquished Creatures
  A gnoll (D:1)
  2 goblins (D:1)
  A hobgoblin (D:1)
  2 kobolds (D:1)
  A quokka (D:1)
  2 bats (D:1)
  2 frilled lizards (D:1)
11 creatures vanquished.

Notes
Turn   | Place    | Note
-------+----------+-------------------------------------------
     0 | D:1      | Xavori the Octopode Chaos Knight began the quest for the
                  | Orb.
     0 | D:1      | Reached XP level 1. HP: 16/16 MP: 1/1
    44 | D:1      | XOM: divination: magic mapping
   254 | D:1      | XOM: divination: magic mapping
   317 | D:1      | XOM is BORED!
   317 | D:1      | XOM: silly message
   367 | D:1      | Reached XP level 2. HP: 21/21 MP: 2/2
   398 | D:1      | Found Lytidd's Book Boutique.
   412 | D:1      | Found Paehor's Assorted Antiques.
   420 | D:1      | Bought a scroll labelled LAOSHR HEENKI for 26 gold pieces
   420 | D:1      | Bought a scroll labelled JAREAGINOI for 26 gold pieces
  1103 | D:1      | XOM: give mutations
  1103 | D:1      | Gained mutation: You occasionally lose the ability to read
                  | scrolls when taking damage. [Xom's mischief]
  1103 | D:1      | Gained mutation: You are robust. (+10% HP) [Xom's mischief]
  1103 | D:1      | Gained mutation: You sometimes lose the ability to read
                  | scrolls when taking damage. [Xom's mischief]
  1103 | D:1      | Gained mutation: You are vulnerable to cold. (rC-) [Xom's
                  | mischief]
  1237 | D:1      | XOM: noise
  1574 | D:1      | XOM is BORED!
  1574 | D:1      | XOM: give mutations
  1574 | D:1      | Lost mutation: You are robust. (+10% HP) [Xom's mischief]
  1574 | D:1      | Gained mutation: You are frail. (-10% HP) [Xom's mischief]
  1574 | D:1      | Gained mutation: You sometimes lose your temper in combat.
                  | [Xom's mischief]
  1574 | D:1      | Lost mutation: You sometimes lose the ability to read
                  | scrolls when taking damage. [Xom's mischief]
  2102 | D:1      | XOM is BORED!
  2102 | D:1      | XOM: summons 2 hostile shadow creatures
  2510 | D:1      | XOM: give mutations
  2510 | D:1      | Gained mutation: You are very frail. (-20% HP) [Xom's
                  | mischief]
  2510 | D:1      | Gained mutation: Your spells are a little harder to cast,
                  | but a little more powerful. [Xom's mischief]
  2510 | D:1      | Gained mutation: You are dopey. (Int -2) [Xom's mischief]
  3386 | D:1      | XOM: draining
  4054 | D:1      | XOM: divination: detect creatures
  4269 | D:1      | XOM: god gift: chain mail {god gift}
  5001 | D:1      | XOM: god gift: black potion {god gift}
  5239 | D:1      | XOM: silly message
  5286 | D:1      | XOM: god gift: 507 gold pieces
  5489 | D:1      | XOM: torment (8/13 hp)
  5624 | D:1      | XOM: summons 2 hostile demons
  5625 | D:1      | Killed from afar by a white imp

Illustrated notes

Levels and vault maps discovered:
D:1:      minmay_arrival_wavy_path, layout_loops_ring, serial_shops,
          nicolae_shop_overgrown_old_shop, shop
D:2:      layout_loops_cross, minmay_misc_feat_x, kennysheep_generic_room_9,
          uniq_natasha

Action                     || total
---------------------------++-------
  Melee: Short sword       ||    29
         Constrict         ||     8
         Tentacles         ||     7
    Use: Scroll            ||     1
         Potion            ||     1
   Stab: Sleeping          ||     1
 Armour: Skin              ||    10
  Dodge: Dodged            ||    22
   Form: Beast             ||     1

Table legend: (Time is in decaauts)
 A = Elapsed time spent in this place.
 B = Non-inter-level travel time spent in this place.
 C = Inter-level travel time spent in this place.
 D = Time resting spent in this place.
 E = Time spent auto-exploring this place.
 F = Levels seen in this place.
 G = Mean time per level.
                   A        B        C        D        E       F      G
               +--------+--------+--------+--------+--------+-----+--------+
         Total |   5620 |   5588 |     32 |   4850 |    636 |   2 | 2810.0 |
       Dungeon |   5620 |   5588 |     32 |   4850 |    636 |   2 | 2810.0 |
               +--------+--------+--------+--------+--------+-----+--------+

Top non-repeatable levels by time:
     D:1: 5604 daAuts
     D:2: 16 daAuts
